[Event "11th LCC Super Blitz KO 2019"]
[Site "London"]
[Date "2019.12.08"]
[Round "1.3"]
[White "Wallace, John Paul"]
[Black "Dong, Bao Nghia"]
[Result "1-0"]
[ECO "A13"]
[WhiteElo "2344"]
[BlackElo "2217"]
[Annotator "NA"]
[PlyCount "95"]
[EventDate "2019.12.08"]
[EventType "k.o."]
[EventCountry "ENG"]
[SourceTitle "playchess.com"]
[Source "ChessBase"]
[SourceQuality "1"]
[TimeControl "180+2"]

1. Nf3 d5 2. c4 e6 3. g3 g6 4. Bg2 Bg7 5. O-O Ne7 6. d4 O-O 7. Qc2 Nbc6 8. Rd1 Nf5 9. e3 Nce7 10. b3 c6 11. Bb2 Nd6 12. Nc3 h5 13. Ne2 Nef5 14. h4 Ne4 15. Ne5 Ned6 16. c5 Ne8 17. e4 dxe4 18. Nc3 Nf6 19. Nxe4 Nxe4 20. Qxe4 Bd7 21. Rac1 Be8 22. Rd3 f6 23. Nc4 Bf7 24. Rcd1 Qc7 25. Bc1 e5 26. dxe5 fxe5 27. Nd6 Bd5 28. Rxd5 cxd5 29. Qxd5+ Kh8 30. Nxb7 Nd4 31. Be3 Rae8 32. b4 a6 33. a4 Qe7 34. Be4 Qf6 35. c6 Rc8 36. Na5 Ne2+ 37. Kg2 Nc3 38. Qd3 Nxd1 39. Qxd1 Rcd8 40. Qc2 Rd4 41. c7 Qe6 42. Bb7 Rxb4 43. c8=Q Rxc8 44. Bxc8 Qd5+ 45. Kh2 Qxa5 46. Qxg6 Rb6 47. Qe8+ Kh7 48. Bf5+ 1-0

[Event "11th LCC Super Blitz KO 2019"]
[Site "London"]
[Date "2019.12.08"]
[Round "1.4"]
[White "Hebden, Mark L"]
[Black "Moussard, Jules"]
[Result "0-1"]
[ECO "A88"]
[WhiteElo "2433"]
[BlackElo "2598"]
[Annotator "ChessBase"]
[PlyCount "96"]
[EventDate "2019.12.08"]
[EventType "k.o."]
[EventCountry "ENG"]
[SourceTitle "playchess.com"]
[Source "ChessBase"]
[SourceQuality "1"]
[TimeControl "180+2"]

1. d4 f5 2. g3 Nf6 3. Bg2 d6 4. Nf3 g6 5. O-O Bg7 6. c4 O-O 7. Nc3 c6 8. d5 e5 9. dxe6 Bxe6 10. b3 Na6 11. Bb2 Qe7 12. Qc2 Rad8 13. Rad1 d5 14. cxd5 Nxd5 15. Nxd5 Bxd5 16. Bxg7 Qxg7 17. Ng5 Qe7 18. Bxd5+ cxd5 19. Nf3 Nc5 20. Rd4 Ne4 21. Qd3 Nc5 22. Qb5 b6 23. Rfd1 Ne4 24. R4d3 Nf6 25. Nd4 Rc8 26. e3 Rc5 27. Qb4 Rfc8 28. Ne2 Qf7 29. Nf4 g5 30. Ne2 Ne4 31. Qd4 Rc2 32. Re1 Rxa2 33. f3 Nc5 34. Rdd1 Nxb3 35. Qb4 Na5 36. Nc3 Rc4 37. Qb1 Ra3 38. Nxd5 Rb3 39. Qa1 Rc6 40. Qa2 Re6 41. Rc1 Kg7 42. Qa1+ Kg6 43. Rc8 Rd3 44. Nb4 Rd2 45. Qc3 Rd7 46. Rc1 Rde7 47. Nd5 Rd7 48. Qd3 Nb7 0-1

[Event "11th LCC Super Blitz KO 2019"]
[Site "London"]
[Date "2019.12.08"]
[Round "1.5"]
[White "Gharamian, Tigran"]
[Black "Tanmay Chopra"]
[Result "1-0"]
[ECO "B24"]
[WhiteElo "2603"]
[BlackElo "2100"]
[Annotator "ChessBase"]
[PlyCount "51"]
[EventDate "2019.12.08"]
[EventType "k.o."]
[EventCountry "ENG"]
[SourceTitle "playchess.com"]
[Source "ChessBase"]
[SourceQuality "1"]
[TimeControl "180+2"]

1. e4 c5 2. Nf3 e6 3. g3 Nc6 4. Bg2 d5 5. exd5 exd5 6. O-O Nf6 7. d4 cxd4 8. Nxd4 Be7 9. Nc3 O-O 10. h3 a6 11. Bf4 Qb6 12. Nb3 Be6 13. Ne2 Ne4 14. Ned4 Nxd4 15. Qxd4 Qxd4 16. Nxd4 Bf6 17. Nxe6 fxe6 18. Bxe4 dxe4 19. c3 Rac8 20. Rfe1 Rc4 21. Rad1 b5 22. Rd6 b4 23. Rxe6 bxc3 24. bxc3 Rxc3 25. R6xe4 Ra3 26. Bd6 1-0

[Event "11th LCC Super Blitz KO 2019"]
[Site "London"]
[Date "2019.12.08"]
[Round "1.6"]
[White "Grover, Sahaj"]
[Black "Arkell, Keith C"]
[Result "1/2-1/2"]
[ECO "A40"]
[WhiteElo "2508"]
[BlackElo "2453"]
[Annotator "ChessBase"]
[PlyCount "127"]
[EventDate "2019.12.08"]
[EventType "k.o."]
[EventCountry "ENG"]
[SourceTitle "playchess.com"]
[Source "ChessBase"]
[SourceQuality "1"]
[TimeControl "180+2"]

1. d4 e6 2. c4 Bb4+ 3. Nc3 c5 4. a3 Bxc3+ 5. bxc3 f5 6. e4 fxe4 7. Qh5+ g6 8. Qe5 Nf6 9. Qxc5 d6 10. Qg5 O-O 11. h4 Nc6 12. h5 Qa5 13. Qxa5 Nxa5 14. hxg6 hxg6 15. Nh3 Nb3 16. Rb1 Nxc1 17. Rxc1 Kg7 18. Nf4 Bd7 19. g3 Rh8 20. Rxh8 Rxh8 21. Rb1 b6 22. c5 dxc5 23. dxc5 g5 24. Ng2 Rc8 25. cxb6 axb6 26. c4 Ra8 27. Rb3 Ng4 28. Ne3 Nxe3 29. Rxe3 Kf6 30. Bg2 Bc6 31. Rb3 Ra6 32. Ke2 Ke5 33. Ke3 Ra8 34. Bf1 Kd6 35. Bg2 Ke5 36. Bf1 Kd6 37. Kd4 e5+ 38. Ke3 Kc5 39. Bg2 Kxc4 40. Rb4+ Kc5 41. Rb3 Bd5 42. Rc3+ Kd6 43. Bxe4 Ra4 44. Bxd5 Kxd5 45. Rb3 Kc5 46. Rc3+ Kd5 47. Rb3 Kc5 48. Rc3+ Kd5 49. Rd3+ Kc5 50. Rb3 g4 51. Rc3+ Kd5 52. Rb3 Kc5 53. f3 gxf3 54. Kxf3 Kd5 55. g4 Rf4+ 56. Kg3 Ra4 57. g5 Ke6 58. Rxb6+ Kf5 59. Rb3 Kxg5 60. Kf3 Kf5 61. Ke3 Rh4 62. Rb4 Rh3+ 63. Ke2 Rxa3 64. Rc4 1/2-1/2

[Event "11th LCC Super Blitz KO 2019"]
[Site "London"]
[Date "2019.12.08"]
[Round "1.8"]
[White "Speelman, Jon S"]
[Black "Petrov, Martin"]
[Result "1-0"]
[ECO "A33"]
[WhiteElo "2509"]
[BlackElo "2497"]
[Annotator "ChessBase"]
[PlyCount "133"]
[EventDate "2019.12.08"]
[EventType "k.o."]
[EventCountry "ENG"]
[SourceTitle "playchess.com"]
[Source "ChessBase"]
[SourceQuality "1"]
[TimeControl "180+2"]

1. Nf3 c5 2. c4 Nc6 3. Nc3 Nf6 4. d4 cxd4 5. Nxd4 e6 6. a3 Be7 7. e4 O-O 8. Nf3 Qc7 9. Bd3 Ng4 10. h3 Nge5 11. Nxe5 Nxe5 12. Qe2 b6 13. Be3 Bb7 14. Rc1 Rac8 15. Nb5 Qb8 16. O-O Nxd3 17. Qxd3 Rfd8 18. Rfd1 d5 19. cxd5 exd5 20. Rxc8 Qxc8 21. Nxa7 Qe6 22. Nb5 Qxe4 23. Bxb6 Qxd3 24. Rxd3 Rb8 25. Ba7 Ra8 26. Be3 f6 27. Nc3 Rd8 28. Bd4 Kf7 29. b4 Ra8 30. Nd1 Ba6 31. Rd2 Bc4 32. Bb2 f5 33. Ne3 Bg5 34. Nxc4 dxc4 35. Rd7+ Ke6 36. Rc7 Bf6 37. Bxf6 Kxf6 38. Rxc4 Rxa3 39. g3 Rb3 40. h4 g6 41. Kg2 h6 42. Kh3 Rb2 43. Kg2 Rb3 44. Rc6+ Kg7 45. Rb6 Kf7 46. b5 Kg7 47. Rb8 g5 48. hxg5 hxg5 49. b6 Kf7 50. Kf1 Rb2 51. Ke1 Kg6 52. b7 Kg7 53. f4 gxf4 54. gxf4 Kh7 55. Kd1 Kg7 56. Kc1 Rb4 57. Kc2 Kh7 58. Kc3 Rb1 59. Kd4 Rb5 60. Kc4 Rb1 61. Kd5 Kg7 62. Ke5 Rb5+ 63. Ke6 Kh7 64. Kf6 Rb6+ 65. Kxf5 Rb5+ 66. Ke4 Kg7 67. f5 1-0

[Event "11th LCC Super Blitz KO 2019"]
[Site "London"]
[Date "2019.12.08"]
[Round "1.9"]
[White "Willow, Jonah B"]
[Black "Howell, David W L"]
[Result "0-1"]
[ECO "B12"]
[WhiteElo "2355"]
[BlackElo "2676"]
[Annotator "ChessBase"]
[PlyCount "120"]
[EventDate "2019.12.08"]
[EventType "k.o."]
[EventCountry "ENG"]
[SourceTitle "playchess.com"]
[Source "ChessBase"]
[SourceQuality "1"]
[TimeControl "180+2"]

1. e4 c6 2. d4 d5 3. e5 Bf5 4. h4 c5 5. dxc5 Nc6 6. Nf3 e6 7. Be3 Bg4 8. Bb5 Nge7 9. Nbd2 Nf5 10. Bg5 Qa5 11. Bxc6+ bxc6 12. O-O Qxc5 13. c4 h6 14. Bf4 Nxh4 15. cxd5 Qxd5 16. Qa4 Bxf3 17. Nxf3 Nxf3+ 18. gxf3 Qxf3 19. Rac1 Qg4+ 20. Kh2 Qh4+ 21. Kg1 Qg4+ 22. Kh2 f6 23. Qxc6+ Kf7 24. Qb7+ Be7 25. Bg3 Rhb8 26. Qc6 fxe5 27. Rc4 Qh5+ 28. Kg1 Bf6 29. Qd7+ Kg8 30. Qxe6+ Qf7 31. Qc6 a5 32. Re4 Ra7 33. Rfe1 Rxb2 34. Qc8+ Kh7 35. Qf5+ Qg6 36. Qxg6+ Kxg6 37. Bxe5 Bxe5 38. Rxe5 Rxa2 39. R1e3 a4 40. Rg3+ Kh7 41. Kg2 a3 42. Ree3 Ra1 43. Rb3 a2 44. Ra3 Rxa3 45. Rxa3 Kg6 46. Ra5 Kf6 47. Kf3 Ke6 48. Kf4 Kd6 49. f3 Ke6 50. Ra6+ Kf7 51. Ra7+ Kg6 52. Ra6+ Kh7 53. Ra7 h5 54. Ra5 Kh6 55. Kf5 Rf1 56. Rxa2 Rxf3+ 57. Ke4 Rf6 58. Ra8 Kg5 59. Ra5+ Kg4 60. Ra7 g5 0-1

[Event "11th LCC Super Blitz KO 2019"]
[Site "London"]
[Date "2019.12.08"]
[Round "1.10"]
[White "McPhillips, Joseph"]
[Black "Bukojemski, Adam"]
[Result "1-0"]
[ECO "B40"]
[WhiteElo "2434"]
[BlackElo "2219"]
[Annotator "NA"]
[PlyCount "113"]
[EventDate "2019.12.08"]
[EventType "k.o."]
[EventCountry "ENG"]
[SourceTitle "playchess.com"]
[Source "ChessBase"]
[SourceQuality "1"]
[TimeControl "180+2"]

1. e4 c5 2. Nf3 e6 3. c3 Nf6 4. Bd3 Nc6 5. Bc2 d6 6. O-O Be7 7. Re1 O-O 8. d3 Rb8 9. Nbd2 b5 10. Nf1 b4 11. Ng3 Re8 12. h3 Bf8 13. Bd2 a5 14. Nh2 e5 15. Bg5 h6 16. Bd2 g6 17. Rf1 Bg7 18. Be3 Ba6 19. Qd2 Kh7 20. Ba4 Bb5 21. Bb3 Qe7 22. Rfd1 a4 23. Bc2 a3 24. bxa3 bxa3 25. c4 Ba6 26. Ba4 Rec8 27. Qc3 Rb4 28. Qxa3 Nd4 29. Bxd4 exd4 30. Bb3 Bb7 31. Rf1 Nd7 32. f4 f5 33. Rae1 fxe4 34. Nxe4 Qf8 35. Qc1 Nf6 36. Ng5+ hxg5 37. fxg5 Rc7 38. gxf6 Bh6 39. Qd1 Be3+ 40. Kh1 Rf7 41. Ng4 Bg5 42. Qe2 Bc6 43. Qf2 Qh8 44. Qg3 Rb6 45. Ne5 dxe5 46. Qxg5 Kg8 47. Qxg6+ Kf8 48. Qf5 Bb7 49. Kg1 Rbxf6 50. Qg4 Rxf1+ 51. Rxf1 Rxf1+ 52. Kxf1 Qf6+ 53. Kg1 Qh6 54. Qf5+ Kg8 55. Qxe5 Qc1+ 56. Kh2 Qh6 57. Qe8+ 1-0

[Event "11th LCC Super Blitz KO 2019"]
[Site "London"]
[Date "2019.12.08"]
[Round "1.11"]
[White "Flear, Glenn C"]
[Black "Harvey, Marcus R"]
[Result "1/2-1/2"]
[ECO "E12"]
[WhiteElo "2440"]
[BlackElo "2412"]
[Annotator "NA"]
[PlyCount "62"]
[EventDate "2019.12.08"]
[EventType "k.o."]
[EventCountry "ENG"]
[SourceTitle "playchess.com"]
[Source "ChessBase"]
[SourceQuality "1"]
[TimeControl "180+2"]

1. d4 Nf6 2. c4 e6 3. Nf3 b6 4. Bf4 Bb7 5. e3 Nh5 6. Nc3 Nxf4 7. exf4 d5 8. cxd5 Bxd5 9. Nxd5 Qxd5 10. Qa4+ c6 11. O-O-O b5 12. Qc2 Qxa2 13. Ne5 Qa1+ 14. Kd2 Qa5+ 15. Ke3 Bd6 16. Nxc6 Qb6 17. Ne5 O-O 18. Bd3 Bxe5 19. fxe5 Nc6 20. Bxh7+ Kh8 21. Be4 Rac8 22. Bxc6 Rxc6 23. Qe4 f5 24. exf6 Rxf6 25. Rc1 e5 26. Rxc6 exd4+ 27. Qxd4 Qxc6 28. f3 Re6+ 29. Kf4 Rf6+ 30. Ke3 Re6+ 31. Kf4 Rf6+ 1/2-1/2

[Event "11th LCC Super Blitz KO 2019"]
[Site "London"]
[Date "2019.12.08"]
[Round "1.12"]
[White "Rendle, Thomas E"]
[Black "Zapolskis, Antanas"]
[Result "1-0"]
[ECO "B23"]
[WhiteElo "2361"]
[BlackElo "2280"]
[Annotator "NA"]
[PlyCount "45"]
[EventDate "2019.12.08"]
[EventType "k.o."]
[EventCountry "ENG"]
[SourceTitle "playchess.com"]
[Source "ChessBase"]
[SourceQuality "1"]
[TimeControl "180+2"]

1. e4 c5 2. Nc3 Nc6 3. Bb5 Na5 4. f4 a6 5. Be2 d6 6. Nf3 Nf6 7. d4 cxd4 8. Nxd4 Qc7 9. O-O e6 10. Be3 b5 11. f5 e5 12. Nb3 Nc4 13. Bg5 Nxb2 14. Qe1 b4 15. Bxf6 Qxc3 16. Bh4 Bb7 17. a3 Qe3+ 18. Qf2 Qxf2+ 19. Bxf2 bxa3 20. Rxa3 d5 21. Ra2 Nc4 22. exd5 Bxd5 23. Rd1 1-0

[Event "11th LCC Super Blitz KO 2019"]
[Site "London"]
[Date "2019.12.08"]
[Round "1.15"]
[White "Gormally, Daniel W"]
[Black "Kvetny, Mark"]
[Result "1-0"]
[ECO "D21"]
[WhiteElo "2497"]
[BlackElo "2420"]
[Annotator "ChessBase"]
[PlyCount "41"]
[EventDate "2019.12.08"]
[EventType "k.o."]
[EventCountry "ENG"]
[SourceTitle "playchess.com"]
[Source "ChessBase"]
[SourceQuality "1"]
[TimeControl "180+2"]

1. d4 d5 2. c4 dxc4 3. Nf3 a6 4. e4 b5 5. a4 Bb7 6. axb5 axb5 7. Rxa8 Bxa8 8. Nc3 Nf6 9. e5 Nd5 10. e6 fxe6 11. Nxb5 Nb6 12. Nc3 g6 13. Be2 Bg7 14. O-O O-O 15. Ng5 Bd5 16. Bg4 Qd6 17. Nxd5 exd5 18. Be6+ Kh8 19. Qg4 Bf6 20. Nxh7 N8d7 21. Qh3 1-0

[Event "11th LCC Super Blitz KO 2019"]
[Site "London"]
[Date "2019.12.08"]
[Round "1.16"]
[White "Turner, Matthew J"]
[Black "Praggnanandhaa R"]
[Result "1/2-1/2"]
[ECO "A30"]
[WhiteElo "2519"]
[BlackElo "2586"]
[Annotator "ChessBase"]
[PlyCount "109"]
[EventDate "2019.12.08"]
[EventType "k.o."]
[EventCountry "ENG"]
[SourceTitle "playchess.com"]
[Source "ChessBase"]
[SourceQuality "1"]
[TimeControl "180+2"]

1. d4 Nf6 2. Nf3 b6 3. g3 Bb7 4. Bg2 c5 5. O-O g6 6. b3 Bg7 7. Bb2 cxd4 8. Nxd4 Bxg2 9. Kxg2 O-O 10. c4 d5 11. cxd5 Qxd5+ 12. Nf3 Nc6 13. Nc3 Qe6 14. Qc2 Rac8 15. Rad1 Rfd8 16. Rxd8+ Rxd8 17. Rd1 Rxd1 18. Qxd1 Qd7 19. Qc1 Nd5 20. Nxd5 Qxd5 21. Bxg7 Kxg7 22. Qc3+ f6 23. Qd2 Qxd2 24. Nxd2 Kf7 25. Kf3 Ke6 26. Ke4 f5+ 27. Ke3 Kd5 28. a3 e5 29. f3 b5 30. Kd3 Nd4 31. b4 Nc6 32. e4+ Ke6 33. Nb3 Kd6 34. f4 exf4 35. gxf4 fxe4+ 36. Kxe4 Ne7 37. Nd4 a6 38. h4 Nd5 39. f5 Nc3+ 40. Kd3 Nd5 41. fxg6 hxg6 42. Ke4 Nb6 43. Kf4 Ke7 44. Kg5 Kf7 45. Nc6 Nc4 46. Nb8 Nxa3 47. Nxa6 Nc2 48. Nc7 Nxb4 49. Nxb5 Nc6 50. Nd6+ Kg7 51. Nc4 Nd4 52. Ne5 Ne6+ 53. Kg4 Kf6 54. Nd3 Nd4 55. Nf4 1/2-1/2

[Event "11th LCC Super Blitz KO 2019"]
[Site "London"]
[Date "2019.12.08"]
[Round "2.1"]
[White "Vocaturo, Daniele"]
[Black "Moussard, Jules"]
[Result "0-1"]
[ECO "B08"]
[WhiteElo "2627"]
[BlackElo "2598"]
[Annotator "ChessBase"]
[PlyCount "80"]
[EventDate "2019.12.08"]
[EventType "k.o."]
[EventCountry "ENG"]
[SourceTitle "playchess.com"]
[Source "ChessBase"]
[SourceQuality "1"]
[TimeControl "180+2"]

1. e4 d6 2. d4 Nf6 3. Nc3 g6 4. Nf3 Bg7 5. Be3 a6 6. Bd3 Bg4 7. h3 Bxf3 8. Qxf3 Nc6 9. O-O-O e5 10. d5 Nd4 11. Bxd4 exd4 12. Ne2 Nd7 13. h4 h5 14. Qg3 Nc5 15. f4 c6 16. Rhe1 Qa5 17. Kb1 cxd5 18. exd5 O-O-O 19. f5 Be5 20. Qf2 gxf5 21. Bxf5+ Kb8 22. Nxd4 Rde8 23. c3 Qb6 24. Qc2 Rhg8 25. Re2 Bg3 26. Nf3 Qb5 27. Bd3 Qd7 28. Rdd2 Qg4 29. Bf5 Qf4 30. Rd4 Rxe2 31. Qxe2 Qxf5+ 32. Ka1 Be5 33. Rd1 Rg4 34. a3 Re4 35. Qc2 Qf4 36. Ka2 Re3 37. Qh7 Qc4+ 38. Kb1 Bxc3 39. bxc3 Qb3+ 40. Ka1 Qxd1+ 0-1

[Event "11th LCC Super Blitz KO 2019"]
[Site "London"]
[Date "2019.12.08"]
[Round "2.1"]
[White "Gharamian, Tigran"]
[Black "Grover, Sahaj"]
[Result "1/2-1/2"]
[ECO "C68"]
[WhiteElo "2603"]
[BlackElo "2508"]
[Annotator "ChessBase"]
[PlyCount "102"]
[EventDate "2019.12.08"]
[EventType "k.o."]
[EventCountry "ENG"]
[SourceTitle "playchess.com"]
[Source "ChessBase"]
[SourceQuality "1"]
[TimeControl "180+2"]

1. e4 e5 2. Nf3 Nc6 3. Bb5 a6 4. Bxc6 dxc6 5. O-O Bg4 6. h3 h5 7. d3 Qf6 8. Be3 Bxf3 9. Qxf3 Qxf3 10. gxf3 Ne7 11. f4 exf4 12. Bxf4 O-O-O 13. Be3 g5 14. Kh1 g4 15. Nd2 f5 16. f3 Bh6 17. Bxh6 Rxh6 18. Kh2 Rg8 19. f4 gxh3 20. Rg1 Rg4 21. Kxh3 Rxf4 22. Rg7 Kd8 23. Rag1 Rf2 24. R1g2 Rxg2 25. Rxg2 fxe4 26. dxe4 Rd6 27. Nf3 Ng6 28. Rg5 h4 29. e5 Re6 30. Kg4 c5 31. Kf5 Nf8 32. Nxh4 Rb6 33. Rg8 Ke7 34. Rg7+ Kd8 35. b3 c4 36. Nf3 cxb3 37. axb3 Rc6 38. c4 Rh6 39. Ng5 Rh1 40. Nf7+ Ke8 41. Ng5 Rf1+ 42. Ke4 Nd7 43. e6 Nc5+ 44. Ke3 Nxe6 45. Nxe6 Re1+ 46. Kd4 Rxe6 47. Rxc7 Rb6 48. Kc3 Kd8 49. Rh7 Kc8 50. b4 Rg6 51. c5 Rg4 1/2-1/2

[Event "11th LCC Super Blitz KO 2019"]
[Site "London"]
[Date "2019.12.08"]
[Round "2.1"]
[White "Turner, Matthew J"]
[Black "Gormally, Daniel W"]
[Result "1-0"]
[ECO "E60"]
[WhiteElo "2519"]
[BlackElo "2497"]
[Annotator "ChessBase"]
[PlyCount "120"]
[EventDate "2019.12.08"]
[EventType "k.o."]
[EventCountry "ENG"]
[SourceTitle "playchess.com"]
[Source "ChessBase"]
[SourceQuality "1"]
[TimeControl "180+2"]

1. d4 Nf6 2. Nf3 g6 3. g3 Bg7 4. Bg2 O-O 5. O-O d6 6. c4 Nbd7 7. d5 Nb6 8. Na3 c6 9. dxc6 bxc6 10. Nd4 Bb7 11. c5 dxc5 12. Nxc6 Bxc6 13. Bxc6 Rc8 14. Bf3 c4 15. Nb5 Qxd1 16. Rxd1 a6 17. Nc3 a5 18. Bf4 Nfd7 19. Bb7 Rc5 20. Be3 Rc7 21. Bf3 Nc5 22. Rac1 Rfc8 23. Rc2 Rd7 24. Rcd2 Rxd2 25. Rxd2 e6 26. Bxc5 Rxc5 27. Rd8+ Bf8 28. h4 Kg7 29. h5 gxh5 30. Kg2 h4 31. gxh4 Be7 32. Rb8 Nd5 33. Nxd5 exd5 34. Rb7 Kf8 35. Rd7 Ke8 36. Rxd5 Rxd5 37. Bxd5 Bxh4 38. Bxc4 Bf6 39. b3 Ke7 40. f4 Bd4 41. Kf3 f5 42. Bb5 Kf6 43. Bd7 h6 44. Kg3 Be3 45. Kf3 Bd4 46. e3 Bc3 47. Ke2 Bb4 48. Kf3 Bd2 49. Bc8 Bc1 50. Bd7 Bd2 51. e4 fxe4+ 52. Kxe4 Bc1 53. Bg4 Bd2 54. a3 Bc1 55. b4 axb4 56. axb4 Bd2 57. b5 Ba5 58. Kd5 Bd2 59. f5 Be3 60. Bh3 Ke7 1-0

[Event "11th LCC Super Blitz KO 2019"]
[Site "London"]
[Date "2019.12.08"]
[Round "2.1"]
[White "Speelman, Jon S"]
[Black "McShane, Luke J"]
[Result "0-1"]
[ECO "E90"]
[WhiteElo "2509"]
[BlackElo "2677"]
[Annotator "ChessBase"]
[PlyCount "102"]
[EventDate "2019.12.08"]
[EventType "k.o."]
[EventCountry "ENG"]
[SourceTitle "playchess.com"]
[Source "ChessBase"]
[SourceQuality "1"]
[TimeControl "180+2"]

1. Nf3 Nf6 2. c4 g6 3. Nc3 Bg7 4. e4 O-O 5. d4 d6 6. h3 e5 7. d5 a5 8. Be3 Na6 9. Nd2 Nd7 10. g4 Ndc5 11. a3 c6 12. h4 f5 13. gxf5 gxf5 14. Bg5 Qc7 15. Rg1 Kh8 16. h5 Qf7 17. h6 Bf6 18. Bxf6+ Qxf6 19. Qh5 Bd7 20. O-O-O Be8 21. Qg5 Qxg5 22. Rxg5 Bg6 23. exf5 Bxf5 24. f3 Bg6 25. Be2 cxd5 26. Nxd5 Ne6 27. Rg2 Nac5 28. b3 Nd4 29. Kb2 Rab8 30. Ne7 Bd3 31. Bxd3 Nxd3+ 32. Kc3 Nf4 33. Rdg1 Nxg2 34. Rxg2 Rf7 35. Nd5 Rg8 36. Rf2 Rg6 37. b4 axb4+ 38. axb4 Rxh6 39. b5 Rh3 40. Kb4 Nxf3 41. Nxf3 Rhxf3 42. Ra2 h5 43. Rh2 Rh7 44. Ka5 h4 45. Kb6 h3 46. Nc7 Rc3 47. Ne8 Rxc4 48. Nxd6 Rh6 49. Kxb7 Rxd6 50. Rxh3+ Kg7 51. b6 Rb4 0-1

[Event "11th LCC Super Blitz KO 2019"]
[Site "London"]
[Date "2019.12.08"]
[Round "2.1"]
[White "McPhillips, Joseph"]
[Black "Howell, David W L"]
[Result "0-1"]
[ECO "A15"]
[WhiteElo "2434"]
[BlackElo "2676"]
[Annotator "ChessBase"]
[PlyCount "58"]
[EventDate "2019.12.08"]
[EventType "k.o."]
[EventCountry "ENG"]
[SourceTitle "playchess.com"]
[Source "ChessBase"]
[SourceQuality "1"]
[TimeControl "180+2"]

1. Nf3 Nf6 2. b3 b6 3. g3 Bb7 4. Bg2 g6 5. c4 Bg7 6. Bb2 O-O 7. d4 c5 8. d5 e6 9. dxe6 fxe6 10. O-O Qe7 11. Nc3 Nc6 12. Nb5 d5 13. cxd5 exd5 14. e3 Rad8 15. Qc1 Nb4 16. Rd1 Ne4 17. a3 Nc6 18. Ra2 Bxb2 19. Rxb2 Qf6 20. Rc2 a6 21. Nc3 Nxc3 22. Rxc3 d4 23. Rc2 Na5 24. b4 Bxf3 25. Bxf3 Qxf3 26. bxa5 dxe3 27. Rf1 e2 28. Re1 Rd1 29. Rcxe2 Rxc1 0-1

[Event "11th LCC Super Blitz KO 2019"]
[Site "London"]
[Date "2019.12.08"]
[Round "2.1"]
[White "Rendle, Thomas E"]
[Black "Harvey, Marcus R"]
[Result "0-1"]
[ECO "A02"]
[WhiteElo "2361"]
[BlackElo "2412"]
[Annotator "NA"]
[PlyCount "98"]
[EventDate "2019.12.08"]
[EventType "k.o."]
[EventCountry "ENG"]
[SourceTitle "playchess.com"]
[Source "ChessBase"]
[SourceQuality "1"]
[TimeControl "180+2"]

1. f4 d6 2. Nf3 g6 3. g3 Bg7 4. Bg2 e5 5. d3 Ne7 6. O-O O-O 7. Nc3 Nbc6 8. e4 Bg4 9. h3 Bxf3 10. Qxf3 Nd4 11. Qd1 c6 12. Ne2 Nxe2+ 13. Qxe2 f5 14. c3 Qc7 15. Be3 d5 16. Bc5 dxe4 17. dxe4 exf4 18. exf5 Rae8 19. fxg6 Nxg6 20. Qc4+ Rf7 21. gxf4 Nxf4 22. Rae1 Rxe1 23. Rxe1 Qd7 24. Re3 Nd5 25. Rf3 Rxf3 26. Bxf3 Qf5 27. Qe4 Qxe4 28. Bxe4 b6 29. Bd6 Bf8 30. Bb8 a5 31. Kf2 Bc5+ 32. Ke2 Kg7 33. Be5+ Kg8 34. Kd3 Ne7 35. Kc4 Be3 36. b4 b5+ 37. Kd3 Bb6 38. Bd6 Kf7 39. Bxh7 axb4 40. cxb4 Nd5 41. Bf5 Nf6 42. h4 Bf2 43. h5 Nxh5 44. Bd7 Nf6 45. Bxc6 Ke6 46. Bf8 Nh7 47. Bg7 Be1 48. a3 Ng5 49. Bxb5 Kd6 0-1

[Event "11th LCC Super Blitz KO 2019"]
[Site "London"]
[Date "2019.12.08"]
[Round "2.1"]
[White "Wallace, John Paul"]
[Black "Beinoras, Mindaugas"]
[Result "0-1"]
[ECO "A12"]
[WhiteElo "2344"]
[BlackElo "2350"]
[Annotator "NA"]
[PlyCount "84"]
[EventDate "2019.12.08"]
[EventType "k.o."]
[EventCountry "ENG"]
[SourceTitle "playchess.com"]
[Source "ChessBase"]
[SourceQuality "1"]
[TimeControl "180+2"]

1. Nf3 d5 2. c4 c6 3. e3 Nf6 4. b3 Bf5 5. Bb2 e6 6. g3 Na6 7. cxd5 Nb4 8. d3 Qxd5 9. e4 Nxe4 10. dxe4 Qxe4+ 11. Be2 Rd8 12. Nbd2 Nd3+ 13. Kf1 Bh3+ 14. Kg1 Nxb2 15. Nxe4 Nxd1 16. Rxd1 Rxd1+ 17. Bxd1 f6 18. Be2 Bb4 19. Bf1 Bf5 20. Ned2 Ke7 21. Nc4 Rd8 22. Ne3 Bb1 23. a4 Be4 24. Be2 f5 $18 25. h4 Bd3 26. Kf1 Be4 27. Rg1 Bc5 28. Ng5 Bd3 29. Nxh7 b5 30. axb5 cxb5 31. Ng5 a5 32. Nf3 Kf6 33. Ng5 a4 34. bxa4 bxa4 35. Bxd3 Rxd3 36. Ke2 Rb3 37. Ra1 a3 38. Nf3 Rb2+ 39. Kf1 e5 40. Nc4 Rxf2+ 41. Ke1 Rxf3 42. Nxa3 Bxa3 0-1

[Event "11th LCC Super Blitz KO 2019"]
[Site "London"]
[Date "2019.12.08"]
[Round "2.2"]
[White "McShane, Luke J"]
[Black "Speelman, Jon S"]
[Result "0-1"]
[ECO "B12"]
[WhiteElo "2677"]
[BlackElo "2509"]
[Annotator "ChessBase"]
[PlyCount "76"]
[EventDate "2019.12.08"]
[EventType "k.o."]
[EventCountry "ENG"]
[SourceTitle "playchess.com"]
[Source "ChessBase"]
[SourceQuality "1"]
[TimeControl "180+2"]

1. e4 c6 2. d4 d5 3. e5 Bf5 4. h4 h5 5. Bd3 Bxd3 6. Qxd3 e6 7. Nf3 Nd7 8. Bg5 Qb6 9. b3 Be7 10. c4 Bxg5 11. Nxg5 Ne7 12. Nd2 Nf5 13. Ndf3 Qb4+ 14. Kf1 a5 15. cxd5 cxd5 16. a3 Qb6 17. Rc1 Ke7 18. g3 Rhc8 19. Kg2 Rc6 20. Nh3 Rac8 21. Rxc6 Qxc6 22. Nf4 Qc2 23. Qb5 Ne3+ 24. Kh3 Qxf2 25. Qe2 Qxe2 26. Nxe2 Rc2 27. Nf4 g6 28. Ne1 Rc3 29. b4 a4 30. Ned3 Nf5 31. Rd1 Nxd4 32. Nb2 Nf5 33. Nxa4 Rxg3+ 34. Kh2 Rxa3 35. Nc5 b6 36. Ncd3 Ra2+ 37. Kh3 Ra3 38. Rc1 Nxe5 0-1

[Event "11th LCC Super Blitz KO 2019"]
[Site "London"]
[Date "2019.12.08"]
[Round "2.2"]
[White "Howell, David W L"]
[Black "McPhillips, Joseph"]
[Result "1-0"]
[ECO "A04"]
[WhiteElo "2676"]
[BlackElo "2434"]
[Annotator "ChessBase"]
[PlyCount "81"]
[EventDate "2019.12.08"]
[EventType "k.o."]
[EventCountry "ENG"]
[SourceTitle "playchess.com"]
[Source "ChessBase"]
[SourceQuality "1"]
[TimeControl "180+2"]

1. Nf3 f6 2. d4 Kf7 3. e4 g6 4. Bd3 Bh6 5. Nbd2 Kg7 6. c3 d6 7. O-O e5 8. Re1 Nc6 9. a3 a5 10. b3 Nge7 11. Bb2 Rf8 12. Nf1 Kh8 13. Qe2 Bg7 14. Rad1 Bg4 15. h3 Bd7 16. Ng3 Qc8 17. Bc2 Nd8 18. c4 Ne6 19. Qe3 c5 20. d5 Nf4 21. Ne2 g5 22. Nh2 Neg6 23. Kh1 h5 24. Nxf4 Nxf4 25. Nf1 Bh6 26. Ng3 Kh7 27. Nf5 Bxf5 28. exf5 g4 29. Qe4 Rg8 30. Re3 gxh3 31. g3 Ng2 32. Re2 h4 33. Qf3 hxg3 34. fxg3 Qd7 35. Re4 Rg5 36. Rg1 Rag8 37. g4 Nh4 38. Qxh3 Nxf5 39. Ree1 e4 40. Bxe4 Kg7 41. Bxf5 1-0

[Event "11th LCC Super Blitz KO 2019"]
[Site "London"]
[Date "2019.12.08"]
[Round "2.2"]
[White "Moussard, Jules"]
[Black "Vocaturo, Daniele"]
[Result "1-0"]
[ECO "B40"]
[WhiteElo "2598"]
[BlackElo "2627"]
[Annotator "ChessBase"]
[PlyCount "87"]
[EventDate "2019.12.08"]
[EventType "k.o."]
[EventCountry "ENG"]
[SourceTitle "playchess.com"]
[Source "ChessBase"]
[SourceQuality "1"]
[TimeControl "180+2"]

1. e4 c5 2. Nf3 e6 3. g3 Nc6 4. Bg2 Nf6 5. Qe2 e5 6. O-O Be7 7. c3 O-O 8. Na3 Re8 9. d3 Bf8 10. Bg5 h6 11. Bxf6 Qxf6 12. Nc2 d6 13. Ne3 Be6 14. a3 g6 15. b4 h5 16. b5 Ne7 17. a4 Bh6 18. Nd2 Rad8 19. a5 h4 20. Ndc4 hxg3 21. fxg3 Qg7 22. Ng4 Bg5 23. h4 Bxg4 24. Qxg4 Bh6 25. Kh2 f5 26. exf5 gxf5 27. Qxg7+ Bxg7 28. Bxb7 d5 29. Ne3 f4 30. Ng4 Ng6 31. b6 axb6 32. a6 Re7 33. h5 fxg3+ 34. Kxg3 Nf4 35. h6 Bh8 36. a7 Rxb7 37. a8=Q Rxa8 38. Rxa8+ Kh7 39. d4 cxd4 40. cxd4 Ne2+ 41. Kh4 Nf4 42. dxe5 Ng6+ 43. Kh5 Re7 44. Rxh8+ 1-0